 Dungeon Crawl Stone Soup version 0.30.0-15-g856e2d3f33 (webtiles) character file.

Game seed: 15638785167123778849

152358 monsoonserge the Warrior (level 17, -11/146 HPs)
             Began as a Merfolk Chaos Knight on May 18, 2023.
             Was a Plaything of Xom.
             Killed by divine providence
             ... invoked by a smoke demon
              (13 damage)
             ... on level 3 of the Abyss on May 19, 2023.
             The game lasted 03:02:18 (24685 turns).

monsoonserge the Warrior (Merfolk Chaos Knight)    Turns: 24685, Time: 03:02:19

Health: -11/146    AC: 22    Str: 24    XL:     17   Next: 58%
Magic:  0/17       EV: 22    Int: 22    God:    Xom [....*.]
Gold:   1353       SH:  6    Dex: 13    Spells: 16/16 levels left

rFire   + + +        v - +10 flail of Dajuqadgh {chaos, *Rage Str+5}
rCold   + + .        m - +1 buckler {rF+}
rNeg    + . .        L - +0 acid dragon scales
rPois   +            T - +3 crown of Dyrovepreva {rElec Int+2 SInv}
rElec   +            U - scarf {rC+ rF+}
rCorr   +            W - +1 pair of gloves
SInv    +            f - +2 pair of boots {Stlth+}
Will    +....        w - amulet of guardian spirit
Stlth   ++++         J - +5 ring of evasion
HPRegen 0.00/turn    o - ring "Imeinij" {Drain rPois rN+ Int+5 Stlth+}
MPRegen 0.15/turn

%: random rage (20%), guardian spirit
@: mighty, brilliant, about to teleport, on berserk cooldown, sick, hasted and
slowed
A: (nimble swimmer 2), mertail, horns 1, iridescent scales 2, clever 1, cold
resistance 1, fire resistance 1, mutation resistance 1, passive freeze, wild
magic 2, MP-powered wands
a: Renounce Religion


You were on level 3 of the Abyss.
You worshipped Xom.
You were a beloved toy of Xom.
You visited 5 branches of the dungeon, and saw 22 of its levels.
You visited the Abyss 2 times.
You visited 1 bazaar.
You also visited: Gauntlet.

You collected 3197 gold pieces.
You spent 1844 gold pieces at shops.

Inventory:

Hand Weapons
 v - the +10 flail of Dajuqadgh (weapon) {chaos, *Rage Str+5}
   (You found it on level 3 of the Dungeon)

   Str:       It affects your strength (+5).
   *Rage:     It berserks you when you make melee attacks (+20% chance).
Missiles
 b - 7 curare-tipped darts
 g - 14 poisoned darts (quivered)
 t - 3 datura-tipped darts
 F - 12 javelins
 P - 5 silver boomerangs
 Y - 2 throwing nets
Armour
 f - a +2 pair of boots of stealth (worn)
 m - a +1 buckler of fire resistance (worn)
 q - a +2 chain mail of fire resistance
 r - the +6 chain mail of Cigrinas {rElec rC- Regen+ Int+3}
   (You bought it in a shop on level 3 of the Elven Halls)

   Int:       It affects your intelligence (+3).
   rC:        It makes you vulnerable to cold.
   rElec:     It insulates you from electricity.
   Regen:     It increases your rate of health regeneration.
 C - a +0 plate armour of poison resistance
 L - +0 acid dragon scales (worn)
 T - the +3 crown of Dyrovepreva (worn) {rElec Int+2 SInv}
   (You bought it in a shop on level 1 of the Orcish Mines)

   Int:       It affects your intelligence (+2).
   rElec:     It insulates you from electricity.
   SInv:      It lets you see invisible.
 U - a scarf of resistance (worn)
 W - a +1 pair of gloves (worn)
 Z - a +3 scale mail of cold resistance
Jewellery
 h - the ring of Lady Luck {Wiz Str+2 Int+2 Stlth-}
   (You found it in a Gauntlet)

   [ring of wizardry]

   It improves your spell success rate.
   Str:       It affects your strength (+2).
   Int:       It affects your intelligence (+2).
   Stlth:     It makes you less stealthy.
 k - a +4 ring of slaying
 o - the ring "Imeinij" (right hand) {Drain rPois rN+ Int+5 Stlth+}
   (You bought it in a shop on level 3 of the Elven Halls)

   [ring of poison resistance]

   Int:       It affects your intelligence (+5).
   rPois:     It protects you from poison.
   rN:        It protects you from negative energy.
   Drain:     It drains your maximum health when unequipped.
   Stlth:     It makes you more stealthy.
 u - a ring of positive energy
 w - an amulet of guardian spirit (around neck)
 H - a ring of poison resistance
 J - a +5 ring of evasion (left hand)
 K - a ring of flight
Wands
 j - a wand of charming (20)
 y - a wand of flame (55)
 E - a wand of iceblast (21)
 G - a wand of digging (8)
Scrolls
 a - 3 scrolls of enchant weapon {unknown}
 d - 3 scrolls of magic mapping {unknown}
 i - a scroll of blinking
 n - a scroll of fear {unknown}
 s - 7 scrolls of poison {unknown}
 B - 5 scrolls of vulnerability
 I - a scroll of torment {unknown}
 N - 4 scrolls of butterflies
 Q - 4 scrolls of fog
 R - 6 scrolls of enchant armour
Potions
 e - 4 potions of haste
 l - 2 potions of mutation
 p - 4 potions of ambrosia
 x - 5 potions of might
 D - 2 potions of berserk rage
 M - a potion of brilliance {unknown}
 V - 3 potions of cancellation
 X - 3 potions of lignification
Miscellaneous
 c - a piece from Xom's chessboard (15/15)
 S - a phial of floods


   Skills:
 + Level 16.6 Fighting
 + Level 15.7 Maces & Flails
 + Level 5.7 Polearms
 + Level 4.5 Throwing
 + Level 11.3 Armour
 + Level 12.7 Dodging
 - Level 5.0 Stealth
 * Level 6.0 Shields
 - Level 7.0 Evocations


You had 16 spell levels left.
You didn't know any spells.
Your spell library contained the following spells:

 Spells                   Type           Power      Damage    Failure   Level
 Apportation              Tloc           0%         N/A       41%         1
 Kiss of Death            Conj/Necr      0%         2d5       41%         1
 Necrotise                Necr           0%         1d4       41%         1
 Slow                     Hex            0%         N/A       41%         1
 Sting                    Tmut/Pois      0%         1d3       41%         1
 Summon Small Mammal      Summ           0%         N/A       41%         1
 Cigotuvi's Dreadful Rot  Necr/Pois/Air  0%         N/A       52%         2
 Ensorcelled Hibernation  Hex/Ice        0%         N/A       52%         2
 Passwall                 Tmut/Erth      0%         N/A       52%         2
 Poisonous Vapours        Pois/Air       0%         N/A       52%         2
 Sublimation of Blood     Necr           0%         N/A       52%         2
 Confusing Touch          Hex            0%         N/A       73%         3
 Frozen Ramparts          Ice            0%         1d1       73%         3
 Gell's Gravitas          Tloc           0%         N/A       73%         3
 Ignite Poison            Fire/Tmut/Pois 0%         N/A       73%         3
 Ozocubu's Armour         Ice            0%         N/A       73%         3
 Summon Guardian Golem    Hex/Summ       0%         N/A       73%         3
 Swiftness                Air            0%         N/A       73%         3
 Teleport Other           Tloc           0%         N/A       73%         3
 Vampiric Draining        Necr           0%         2d6       73%         3
 Anguish                  Hex/Necr       0%         N/A       98%         4
 Animate Dead             Necr           0%         N/A       98%         4
 Dispel Undead            Necr           0%         3d6       98%         4
 Ice Form                 Ice/Tmut       0%         N/A       98%         4
 Leda's Liquefaction      Hex/Erth       0%         N/A       98%         4
 Olgreb's Toxic Radiance  Pois           0%         N/A       98%         4
 Summon Ice Beast         Ice/Summ       0%         N/A       98%         4
 Agony                    Necr           0%         N/A       100%        5
 Borgnjor's Vile Clutch   Necr/Erth      0%         N/A       100%        5
 Fireball                 Conj/Fire      0%         3d3       100%        5
 Freezing Cloud           Conj/Ice/Air   0%         6-21      100%        5
 Iskenderun's Battlesphe  Conj           0%         2d6       100%        5
 Lee's Rapid Deconstruct  Erth           0%         3d4*      100%        5
 Metabolic Englaciation   Hex/Ice        0%         N/A       100%        5
 Conjure Ball Lightning   Conj/Air       0%         3x3d6     100%        6
 Death Channel            Necr           0%         N/A       100%        6
 Dispersal                Tloc           0%         N/A       100%        6
 Simulacrum               Ice/Necr       0%         N/A       100%        6
 Statue Form              Tmut/Erth      0%         N/A       100%        6
 Orb of Destruction       Conj           0%         9d5       100%        7
 Ozocubu's Refrigeration  Ice            0%         4d7       100%        7
 Spellforged Servitor     Conj/Summ      0%         N/A       100%        7
 Borgnjor's Revivificati  Necr           0%         N/A       100%        8


Dungeon Overview and Level Annotations

Branches:
Dungeon (15/15)            Temple (1/1) D:7            Lair (0/5) D:11
    Orc (2/2) D:10            Elf (3/3) Orc:2        Vaults (0/5) D:14
 Depths (1/4) D:15        Gauntlet (visited)

Altars:
Ashenzari
Cheibriados
Dithmenos
Elyvilon
Fedhas
Gozag
Hepliaklqana
Kikubaaqudgha
Makhleb
Nemelex Xobeh
Okawaru
Qazlal
Ru
Sif Muna
Trog
Uskayaw
Vehumet
Wu Jian
Xom
Yredelemnul
Zin
The Shining One

Shops:
D:4 (   D:7 [   Orc:1 *   Orc:2 !(:=   Elf:3 [(*   Depths:1 ==[*(

Portals:
Hell: Depths:1
Ziggurat: Depths:1
Trove: Elf:3 (give +4 demon whip)

Annotations:
Orc:1 2 transporters, freelancePsychic's ghost, journeyman DsWn


Innate Abilities, Weirdness & Mutations

((You are very nimble when in or above water. (Stealth+, EV+, Speed+++)))
Your lower body shifts to a powerful aquatic tail in water.
You have a pair of small horns on your head.
You are mostly covered in iridescent scales. (AC +4)
Your mind is acute. (Int +4, Str/Dex -1)
Your flesh is cold resistant. (rC+)
Your flesh is heat resistant. (rF+)
You are somewhat resistant to further mutation.
A frigid envelope surrounds you and freezes all who hurt you.
Your spells are harder to cast, but more powerful.
You expend magic power (3 MP) to strengthen your wands.


Message History

The mass of ice explodes!
The iceblast engulfs the tentacled starspawn!!
The tentacled starspawn is severely damaged.
The iceblast engulfs the starspawn tentacle!
The starspawn tentacle is severely damaged.
The iceblast engulfs the starspawn tentacle!
The starspawn tentacle is almost destroyed.
The iceblast engulfs the neqoxec!
The neqoxec is heavily wounded.
The iceblast engulfs the smoke demon!!
The smoke demon is heavily wounded.
The flying skull barely misses you.
The raiju bursts into living lightning!
The living lightning misses you.
The raiju blinks!
A living lightning appears from out of your range of vision.
The living lightning hits the starspawn tentacle segment!
The starspawn tentacle segment is destroyed!
The living lightning hits the tentacled starspawn!
The tentacled starspawn is destroyed!
The flying skull completely misses you. The smoke demon gestures at you.
The ball of steam hits your raiju!!
Your raiju dies!
The ball of steam misses you. You block the raiju's attack.
The flying skull hits you but does no damage.
The flying skull completely resists.
You feel yourself speed up.
Xom's power touches on a nearby monster.
The starcursed mass is charmed.
The flying skull hits you but does no damage.
The flying skull resists.
The flying skull is very cold.
The flying skull is moderately damaged.
Your starcursed mass touches the flying skull.
A tentacle flies out from the starspawn's body!
The raiju bursts into living lightning!
The living lightning misses you.
The raiju blinks!
The smoke demon gestures at you. Something smites you!
You die...
Xom chuckles heartily!

## . ..### #... .#
....... .......###
......... ## .
......#####..#
.......x3@zX..# ..
........##hX..# #.#
.....#.# 5X.w## # ..
...... # X..│..# #.
#...h...##...Xw#.##.
. w......###....# .
. .# X.#.
..##....##. . ##
##.... .## ....# #
....# #


You could see a starcursed mass, a tentacled starspawn, 2 thrashing horrors, a
smoke demon (ally target), a raiju, a small abomination, 2 starspawn tentacles,
a flying skull (resistant), a white imp and a friendly starcursed mass
(charmed).

Vanquished Creatures
  A hellephant (Abyss:3)
  2 deep elf blademasters (Elf:3)
  A lich (Depths:1)
  A deep elf master archer (Elf:3)
  A sphinx (Depths:1)
  A tentacled starspawn (Abyss:3)
  Kirke (Elf:1)
  A fire giant (Depths:1)
  A deep elf sorcerer (Elf:3)
  2 frost giants (Depths:1)
  A caustic shrike zombie (D:15)
  An iron dragon (Depths:1)
  An orc warlord (Orc:1)
  5 very ugly things (Depths:1)
  A minotaur (Gauntlet)
  2 deep elf annihilators
  5 starcursed masses (Abyss:3)
  An ettin (Depths:1)
  4 deep elf death magi
  2 fire dragons (Depths:1)
  An entropy weaver (shapeshifter) (Elf:2)
  A hydra (D:14)
  3 ice dragons (Depths:1)
  Fannar (D:11)
  3 rakshasas
  A spriggan air mage (Depths:1)
  Harold (D:10)
  2 boulder beetles
  19 two-headed ogres
  Erolcha (D:10)
  4 centaur warriors
  2 ogre magi (Orc:2)
  A death knight (Abyss:3)
  A catoblepas (D:14)
  10 dancing weapons
  2 deep troll shamans (Depths:1)
  A thrashing horror (Abyss:3)
  A tengu warrior (Depths:1)
  2 deep troll earth magi (Depths:1)
  Sonja (D:10)
  20 deep elf knights
  A vampire mage (Depths:1)
  A golden dragon zombie (D:15)
  A soul eater (Gauntlet)
  2 iron trolls (Depths:1)
  A sea snake (Elf:2)
  2 skeletal warriors (D:15)
  A shadow demon (Abyss:3)
  A flayed ghost (D:15)
  12 deep elf archers
  A swamp dragon (shapeshifter) (D:14)
  A wizard (Gauntlet)
  5 lindwurms (D:10)
  7 deep trolls
  A phantasmal warrior (Abyss:3)
  27 deep elf zephyrmancers
  2 necromancers
  4 manticores
  25 deep elf pyromancers
  A sphinx skeleton (D:15)
  12 ugly things
  2 orc sorcerers (Orc:1)
  5 cyclopes
  2 apocalypse crabs (Abyss:3)
  An elephant (shapeshifter) (D:14)
  A smoke demon (Abyss:3)
  A gargoyle (D:12)
  A spriggan zombie (D:15)
  An unseen horror (shapeshifter) (Elf:3)
  3 unseen horrors
  An efreet (D:15)
  2 kobold demonologists
  A rime drake (shapeshifter) (Elf:2)
  3 ancient zymes (Abyss:3)
  An ice devil (Gauntlet)
  A tengu conjurer (D:14)
  A freezing wraith (D:14)
  A silent spectre (Abyss:3)
  3 hornets (Gauntlet)
  4 trolls
  2 hellwings (Abyss:3)
  Prince Ribbit (D:8)
  Grinder (D:4)
  A tarantella (shapeshifter) (Depths:1)
  11 raiju (Abyss:3)
  A raiju (shapeshifter) (D:13)
  3 shadows
  A ynoxinul (Abyss:3)
  6 wraiths
  A vampire (D:10)
  9 water elementals
  2 air elementals
  12 large abominations
  A yak (shapeshifter) (Abyss:3)
  5 yaks
  2 fire elementals
  A human (Elf:1)
  4 basilisks
  A chaos spawn (Abyss:3)
  2 wyverns
  2 steam dragons
  A hog (Elf:1)
  4 vampire mosquitoes
  3 wargs
  A neqoxec (Abyss:3)
  Edmund (D:6)
  A water moccasin (D:8)
  An acid dragon (D:9)
  Duvessa (D:4)
  11 orc warriors
  2 sky beasts
  4 black bears
  4 centaurs
  24 ogres
  2 phantoms
  A kobold brigand (D:9)
  A bullfrog (D:7)
  6 scorpions
  3 elf zombies (Elf:1)
  3 wights (D:6)
  Dowan (D:4)
  4 killer bees (D:11)
  8 howler monkeys
  2 small abominations (Abyss:3)
  A bullfrog zombie (D:5)
  A jelly (D:6)
  2 gnoll boudas
  9 orc priests
  6 hounds
  2 iron imps (Abyss:3)
  3 iguanas
  16 orc wizards
  A scorpion zombie (D:5)
  Robin (D:3)
  12 gnolls
  2 adders
  3 shadow imps
  6 white imps
  An ufetubus (D:5)
  3 worms
  5 dart slugs
  62 orcs
  6 endoplasms
  3 giant cockroaches
  14 goblins
  9 hobgoblins
  2 jackals (D:1)
  3 quokkas
  2 training dummies (D:4)
  5 ball pythons
  3 bats
  3 frilled lizards
  5 kobolds
  4 rats (D:1)
  A lurking horror (Abyss:3)
  3 starspawn tentacles (Abyss:3)
613 creatures vanquished.

Vanquished Creatures (collateral kills)
  A tentacled starspawn (Abyss:3)
  Josephine (D:14)
  An ogre mage (Orc:2)
  A lindwurm (Orc:2)
  2 wraiths (D:14)
  A black bear (shapeshifter) (D:14)
  2 ogres (Orc:2)
  An iguana (D:6)
10 creatures vanquished.

Vanquished Creatures (others)
  A deep elf death mage (Elf:3)
  2 dancing weapons
  A deep elf knight (Elf:2)
  2 deep elf zephyrmancers
  2 deep elf pyromancers
  2 raiju (Abyss:3)
  2 water elementals (Elf:3)
  A neqoxec (Abyss:3)
  A human (Elf:1)
  An elf zombie (Elf:1)
  A hound zombie (D:4)
  A lurking horror (Abyss:3)
  18 starspawn tentacles (Abyss:3)
35 creatures vanquished.

Grand Total: 658 creatures vanquished

Notes
Turn   | Place    | Note
-------+----------+-------------------------------------------
     0 | D:1      | monsoonserge the Merfolk Chaos Knight began the quest for
                  | the Orb.
     0 | D:1      | Reached XP level 1. HP: 18/18 MP: 1/1
    11 | D:1      | XOM: divination: detect items
   109 | D:1      | Reached XP level 2. HP: 24/24 MP: 2/2
   326 | D:1      | Found a faded altar of an unknown god.
   362 | D:1      | Reached skill level 5 in Polearms
   500 | D:1      | Reached XP level 3. HP: 29/29 MP: 3/3
   652 | D:1      | XOM: divination: detect creatures
   686 | D:1      | XOM: silly message
  1164 | D:2      | XOM: give mutations
  1164 | D:2      | Gained mutation: Your magical capacity is low. (-10% MP)
                  | [Xom's mischief]
  1164 | D:2      | Lost mutation: Your magical capacity is low. (-10% MP)
                  | [Xom's mischief]
  1164 | D:2      | Gained mutation: Your flesh is heat resistant. (rF+) [Xom's
                  | mischief]
  1164 | D:2      | Gained mutation: A frigid envelope surrounds you and
                  | freezes all who hurt you. [Xom's mischief]
  1199 | D:2      | Found a sparkling altar of Nemelex Xobeh.
  1220 | D:2      | XOM: 4-stop teleportation journey
  1301 | D:2      | XOM: 2-stop teleportation journey
  1807 | D:3      | Reached skill level 1 in Armour
  1807 | D:3      | Reached skill level 1 in Stealth
  1807 | D:3      | Reached XP level 4. HP: 30/37 MP: 4/4
  1819 | D:3      | Identified the +10 flail of Dajuqadgh {chaos, *Rage Str+5}
  1999 | D:3      | Reached XP level 5. HP: 41/42 MP: 5/5
  2007 | D:3      | Noticed Robin
  2016 | D:3      | Killed Robin
  2114 | D:4      | XOM: silly message
  2125 | D:4      | Reached skill level 4 in Fighting
  2203 | D:4      | Noticed a phantom
  2246 | D:4      | Reached skill level 1 in Maces & Flails
  2293 | D:4      | Noticed Grinder
  2295 | D:4      | Paralysed by Grinder for 5 turns
  2299 | D:4      | XOM: summons 5 friendly demons
  2301 | D:4      | Found Vor Lymo's Weapon Shop.
  2313 | D:4      | Killed Grinder
  2314 | D:4      | Reached XP level 6. HP: 49/49 MP: 6/6
  2321 | D:4      | Reached XP level 7. HP: 49/55 MP: 7/7
  2420 | D:4      | Found a snail-covered altar of Cheibriados.
  2494 | D:4      | Found a burning altar of Makhleb.
  2542 | D:4      | Found a glowing silver altar of Zin.
  2632 | D:4      | Found a sacrificial altar of Ru.
  2852 | D:4      | Noticed Duvessa
  2852 | D:4      | Noticed Dowan
  2853 | D:4      | XOM: scenery: 2 fountains blood, 2 doors open
  2857 | D:4      | Killed Duvessa
  2860 | D:4      | Killed Dowan
  2861 | D:4      | Reached skill level 1 in Evocations
  3202 | D:4      | Reached skill level 5 in Fighting
  3202 | D:4      | Reached XP level 8. HP: 62/62 MP: 8/8
  3278 | D:5      | Entered Level 5 of the Dungeon
  3587 | D:5      | XOM: god gift: scroll labelled ANU NAULAQ {god gift}
  3666 | D:5      | XOM: smoke on damage
  3735 | D:5      | XOM: give mutation
  3735 | D:5      | Gained mutation: Your muscles are strong. (Str +4, Int/Dex
                  | -1) [Xom's grace]
  3744 | D:5      | Found a stormy altar of Qazlal.
  4127 | D:5      | Noticed a wyvern
  4133 | D:5      | Killed a wyvern
  4207 | D:5      | XOM: give mutation
  4207 | D:5      | Gained mutation: You are agile. (Dex +4, Str/Int -1) [Xom's
                  | grace]
  4253 | D:5      | Noticed a wraith
  4285 | D:5      | XOM: give mutations
  4285 | D:5      | Gained mutation: You are partially covered in iridescent
                  | scales. (AC +2) [Xom's grace]
  4285 | D:5      | Gained mutation: You expend magic power (3 MP) to
                  | strengthen your wands. [Xom's grace]
  4285 | D:5      | Gained mutation: You have a pair of small horns on your
                  | head. [Xom's grace]
  4285 | D:5      | Gained mutation: You are strong-willed. (Will+) [Xom's
                  | grace]
  4354 | D:5      | Found a basalt altar of Yredelemnul.
  4358 | D:5      | Reached skill level 5 in Maces & Flails
  4360 | D:5      | Reached skill level 5 in Dodging
  4494 | D:6      | XOM: polymorph orc -> hobgoblin
  4503 | D:6      | XOM: snakes to sticks
  4518 | D:6      | XOM: scenery: summon butterflies
  4565 | D:6      | Reached XP level 9. HP: 68/68 MP: 9/9
  4708 | D:6      | XOM: scenery: create altars
  4877 | D:6      | Noticed Edmund
  4883 | D:6      | Killed Edmund
  4884 | D:6      | XOM: summons friendly orange demon
  4996 | D:6      | XOM: god gift: There-And-Back Book
  5066 | D:6      | XOM: 3-stop teleportation journey
  5156 | D:6      | Reached skill level 6 in Fighting
  5413 | D:6      | Found a sparkling altar of Nemelex Xobeh.
  5537 | D:6      | XOM: 1-stop teleportation journey
  5598 | D:6      | XOM: god gift: 61 gold pieces
  5628 | D:7      | Found Zamoe's Antique Armour Emporium.
  5634 | D:7      | Bought an obsidian-encrusted scale mail for 279 gold pieces
  5634 | D:7      | Identified the +5 scale mail "Kaejas" {+Inv rN+ Str-5
                  | Dex+3} (You bought it in a shop on level 7 of the Dungeon)
  5761 | D:7      | Found a staircase to the Ecumenical Temple.
  5770 | Temple   | Entered the Ecumenical Temple
  6167 | D:7      | XOM: 9-stop teleportation journey
  6238 | D:7      | XOM: polymorph black bear -> basilisk
  6319 | D:7      | XOM: enchant monster (good)
  6321 | D:7      | XOM: enchant monster (good)
  6327 | D:7      | Found a radiant altar of Vehumet.
  6540 | D:7      | XOM: summons 3 hostile shadow creatures
  6648 | Temple   | XOM: give mutation
  6648 | Temple   | Lost mutation: You are strong-willed. (Will+) [Xom's
                  | mischief]
  6798 | D:8      | Noticed Prince Ribbit
  6803 | D:8      | Killed Prince Ribbit
  6804 | D:8      | Reached XP level 10. HP: 77/77 MP: 10/10
  6810 | D:8      | Identified the +1 rapier "Sarcophage" {flame, Fragile rF+
                  | Int+2}
  7056 | D:8      | Reached skill level 5 in Stealth
  7068 | D:8      | Identified the +6 dagger of the Hills {speed, *Corrode
                  | rPois Int+4 Dex+3}
  7215 | D:8      | Found an iron altar of Okawaru.
  7475 | D:9      | XOM: 1-stop teleportation journey
  7495 | D:9      | Reached skill level 7 in Fighting
  7614 | D:7      | Bought a pair of embroidered gloves for 232 gold pieces
  7735 | D:9      | XOM: draining
  8080 | D:10     | Entered Level 10 of the Dungeon
  8116 | D:10     | Noticed a kobold demonologist
  8121 | D:10     | XOM: potion effect (might)
  8123 | D:10     | Killed a kobold demonologist
  8124 | D:10     | Reached skill level 5 in Evocations
  8132 | D:10     | Noticed a lindwurm
  8133 | D:10     | Noticed a lindwurm
  8133 | D:10     | Noticed a lindwurm
  8137 | D:10     | Noticed a lindwurm
  8145 | D:10     | Noticed Harold
  8146 | D:10     | Noticed Sonja
  8148 | D:10     | XOM: confuse monster(s)
  8148 | D:10     | Killed a lindwurm
  8148 | D:10     | Killed a lindwurm
  8150 | D:10     | Killed Sonja
  8156 | D:10     | Killed Harold
  8156 | D:10     | XOM: potion effect (brilliance)
  8157 | D:10     | Reached skill level 5 in Armour
  8157 | D:10     | Reached XP level 11. HP: 42/86 MP: 5/11
  8162 | D:10     | XOM: summons friendly quasit
  8201 | D:10     | XOM: smoke on damage
  8246 | D:10     | Noticed Erolcha
  8254 | D:10     | Killed Erolcha
  8255 | D:10     | Reached skill level 8 in Fighting
  8288 | D:10     | Found an ancient bone altar of Kikubaaqudgha.
  8369 | D:10     | Found a blossoming altar of Fedhas.
  8378 | D:10     | Reached skill level 1 in Throwing
  8410 | D:10     | Found a bloodstained altar of Trog.
  8445 | D:10     | Found an ornate altar of the Wu Jian Council.
  8463 | D:10     | XOM: silly message
  8591 | D:10     | Found a staircase to the Orcish Mines.
  8896 | D:10     | Killed a lindwurm
  8902 | D:10     | XOM: enchant monster (good)
  8910 | D:10     | Killed a lindwurm
  8912 | D:10     | Killed a lindwurm
  8913 | D:10     | XOM: god gift: 867 gold pieces
  8914 | D:10     | Got the Exposition on the Autopsy and Erosion
  8930 | D:10     | XOM: scenery: summon butterflies
  8998 | D:11     | Noticed Fannar
  8998 | D:11     | XOM: 8-stop teleportation journey
  9018 | D:11     | XOM: god gift: +2 heavy longbow
  9054 | D:11     | XOM: god gift: scroll labelled PEPNIN DOYPS {god gift}
  9362 | D:11     | XOM: destruction
  9379 | D:11     | Killed Fannar
  9476 | D:11     | Found a staircase to the Lair.
  9499 | D:11     | Noticed a cyclops
  9508 | D:11     | Killed a cyclops
  9609 | D:11     | XOM: scenery: create altars
  9761 | D:12     | XOM: divination: detect creatures
  9763 | D:12     | Reached skill level 9 in Fighting
  9789 | D:12     | Noticed a boulder beetle
  9811 | D:12     | Killed a boulder beetle
  9812 | D:12     | Reached XP level 12. HP: 95/95 MP: 12/12
  9943 | D:12     | Reached skill level 10 in Maces & Flails
  9964 | D:12     | XOM: god gift: 5 stones
 10091 | D:12     | Noticed a two-headed ogre
 10095 | D:12     | Killed a two-headed ogre
 10644 | D:13     | XOM: give mutation
 10644 | D:13     | Gained mutation: You are somewhat resistant to further
                  | mutation. [Xom's grace]
 10686 | D:13     | XOM: scenery: 1 doors open, 1 doors close
 10732 | D:13     | XOM: fog
 10880 | D:13     | XOM: give mutations
 10880 | D:13     | Gained mutation: You are mostly covered in iridescent
                  | scales. (AC +4) [Xom's grace]
 10880 | D:13     | Gained mutation: Your flesh is cold resistant. (rC+) [Xom's
                  | grace]
 11286 | D:14     | Noticed a centaur warrior
 11312 | D:14     | Killed a centaur warrior
 11338 | D:14     | Noticed a four-headed hydra
 11346 | D:14     | Killed a four-headed hydra
 11474 | D:14     | Noticed a rakshasa
 11494 | D:14     | XOM: divination: detect items
 11497 | D:14     | Killed a rakshasa
 11524 | D:14     | Noticed a catoblepas
 11563 | D:14     | Killed a catoblepas
 11780 | D:14     | Noticed Josephine
 11788 | D:14     | XOM: summons 8 friendly demons
 11791 | D:14     | Killed Josephine
 11828 | D:14     | XOM: scenery: 1 doors close
 11835 | D:14     | Reached skill level 10 in Fighting
 11835 | D:14     | XOM: summons 12 friendly demons
 11885 | D:14     | XOM: summons friendly ice devil
 11972 | D:14     | Found a gate to the Vaults.
 11994 | D:14     | Found a white marble altar of Elyvilon.
 11995 | D:14     | Found a glowing silver altar of Zin.
 11996 | D:14     | Found a glowing golden altar of the Shining One.
 12113 | D:14     | XOM: god gift: Doliebb's Catalogue of Wicked Secrets {god
                  | gift}
 12114 | D:14     | Got Doliebb's Catalogue of Wicked Secrets {god gift}
 12137 | D:14     | XOM: scenery: 1 doors open, 1 doors close
 12293 | D:15     | Entered Level 15 of the Dungeon
 12293 | D:15     | Found a gate leading to a gauntlet.
 12316 | D:15     | Found a flickering gateway to a bazaar.
 12345 | D:15     | Reached XP level 13. HP: 103/103 MP: 13/13
 12417 | Bazaar   | Entered a bazaar
 12417 | Bazaar   | Found Congogh's Distillery.
 12421 | Bazaar   | Found Ykizotz's Antique Armour Boutique.
 12425 | Bazaar   | Found Qaungen's Antique Armour Emporium.
 12432 | Bazaar   | Found Ydetil's Assorted Antiques.
 12444 | Bazaar   | Found Jihing's Weapon Shoppe.
 12489 | Bazaar   | Bought a pair of runed boots for 165 gold pieces
 12545 | D:15     | XOM: divination: magic mapping
 12571 | D:15     | Found a staircase to the Depths.
 12620 | Gauntlet | Entered a Gauntlet
 12620 | Gauntlet | Found a transporter.
 12620 | Gauntlet | Found a transporter.
 12620 | Gauntlet | Found a transporter.
 12624 | Gauntlet | Found a transporter.
 12625 | Gauntlet | Found a transporter.
 12636 | Gauntlet | Found a transporter.
 12637 | Gauntlet | Found a transporter.
 12693 | Gauntlet | Identified the ring of Lady Luck {Wiz Str+2 Int+2 Stlth-}
 12700 | Gauntlet | Found a transporter.
 12714 | Gauntlet | Found a transporter.
 12715 | Gauntlet | Found a transporter.
 12718 | Gauntlet | Paralysed by a hornet for 1 turns
 12753 | Gauntlet | Found a transporter.
 12800 | Gauntlet | Found a transporter.
 12842 | Gauntlet | XOM: cleaving
 12898 | Gauntlet | Identified the staff of death "Gaph" {rElec rN+ Int+3}
 12898 | Gauntlet | Noticed a minotaur
 12908 | Gauntlet | Killed a minotaur
 13175 | D:15     | Found a hazy altar of Hepliaklqana.
 13210 | D:15     | XOM: fog
 13429 | D:15     | Reached skill level 11 in Fighting
 13438 | D:15     | XOM: summons friendly shadow imp
 13877 | Depths:1 | Entered Level 1 of the Depths
 13894 | Depths:1 | Noticed a frost giant
 13912 | Depths:1 | XOM: confusion (+ monsters)
 13914 | Depths:1 | Killed a frost giant
 13919 | Depths:1 | XOM: confusion
 13921 | Depths:1 | Reached skill level 10 in Dodging
 14037 | Depths:1 | Reached XP level 14. HP: 114/114 MP: 11/14
 14068 | Depths:1 | XOM: 1-stop teleportation journey
 14075 | Depths:1 | XOM: butterfly on damage
 14077 | Depths:1 | Noticed a frost giant
 14083 | Depths:1 | Reached skill level 12 in Fighting
 14085 | Depths:1 | XOM: summons 1 hostile demon
 14087 | Depths:1 | XOM: swap monsters
 14089 | Depths:1 | Killed a frost giant
 14310 | Depths:1 | Identified the +0 helmet "Fofyom" {rPois rF+ SInv}
 14339 | Depths:1 | Found Xuodgh's Jewellery Shop.
 14378 | Depths:1 | Found Zases's General Store.
 14435 | Depths:1 | Noticed a brown very ugly thing
 14435 | Depths:1 | XOM: 1-stop teleportation journey
 14436 | Depths:1 | Noticed a brown very ugly thing
 14449 | Depths:1 | Killed a brown very ugly thing
 14461 | Depths:1 | Killed a brown very ugly thing
 14661 | Depths:1 | XOM: chaos upgrade
 14671 | Depths:1 | Noticed a lich
 14680 | Depths:1 | HP: 7/169 [lich (2)]
 14684 | Depths:1 | Killed a lich
 14734 | Depths:1 | Noticed a fire giant
 14809 | Depths:1 | Killed a fire giant
 15232 | Depths:1 | Found a one-way gateway to a ziggurat.
 15232 | Depths:1 | Noticed an angel
 15260 | Depths:1 | XOM: noise
 15280 | Depths:1 | Noticed a sphinx
 15287 | Depths:1 | Killed a sphinx
 15288 | Depths:1 | Reached skill level 13 in Fighting
 15288 | Depths:1 | Found Xoucs's Jewellery Boutique.
 15303 | Depths:1 | Found Utoloda's Armour Shoppe.
 15362 | Depths:1 | XOM: 4-stop teleportation journey
 15494 | Depths:1 | XOM: cloud trail
 15528 | Depths:1 | Found Vueqy Hyigg's Antique Weapon Shop.
 15759 | Depths:1 | XOM: give mutations
 15759 | Depths:1 | Gained mutation: You occasionally lose the ability to drink
                  | potions when taking damage. [Xom's mischief]
 15759 | Depths:1 | Lost mutation: You expend magic power (3 MP) to strengthen
                  | your wands. [Xom's mischief]
 15759 | Depths:1 | Lost mutation: You occasionally lose the ability to drink
                  | potions when taking damage. [Xom's mischief]
 15976 | Depths:1 | Found a sacrificial altar of Ru.
 16018 | Depths:1 | Noticed a green very ugly thing
 16018 | Depths:1 | Noticed a green very ugly thing
 16018 | Depths:1 | Noticed a green very ugly thing
 16022 | Depths:1 | XOM: polymorph green very ugly thing -> red very ugly thing
 16025 | Depths:1 | XOM: polymorph red very ugly thing -> purple very ugly
                  | thing
 16030 | Depths:1 | Killed a purple very ugly thing
 16034 | Depths:1 | Killed a green very ugly thing
 16038 | Depths:1 | Killed a green very ugly thing
 16485 | Depths:1 | Found a gateway to Hell.
 16485 | Depths:1 | Noticed an iron dragon
 16497 | Depths:1 | Killed an iron dragon
 16665 | D:15     | XOM: god gift: scroll of teleportation
 16777 | Orc:1    | Entered Level 1 of the Orcish Mines
 16844 | Orc:1    | Found a transporter.
 16847 | Orc:1    | Noticed freelancePsychic's ghost (journeyman DsWn)
 16853 | Orc:1    | Found Hichakh's General Store.
 16862 | Orc:1    | Bought the +3 crown of Dyrovepreva {rElec Int+2 SInv} for
                  | 662 gold pieces
 16862 | Orc:1    | Found the +3 crown of Dyrovepreva {rElec Int+2 SInv}
 16885 | Orc:1    | Found a transporter.
 16968 | Orc:1    | Reached XP level 15. HP: 124/124 MP: 15/15
 17059 | Orc:1    | XOM: god gift: 23 gold pieces
 17146 | Orc:1    | Noticed an orc warlord
 17163 | Orc:1    | Killed an orc warlord
 17172 | Orc:1    | XOM: destruction
 17173 | Orc:1    | XOM: summons 1 hostile demon
 17356 | Orc:1    | XOM: torment (56/124 hp)
 17488 | Orc:1    | XOM: cloud trail
 17677 | Orc:1    | XOM: summons 8 hostile demons
 17721 | Orc:2    | Entered Level 2 of the Orcish Mines
 17883 | Orc:2    | XOM: 4-stop teleportation journey
 18052 | Orc:2    | Found a staircase to the Elven Halls.
 18053 | Orc:2    | XOM: divination: magic mapping
 18178 | Orc:2    | XOM: polymorph ogre mage -> lindwurm
 18182 | Orc:2    | XOM: summons friendly iron imp
 18192 | Orc:2    | XOM: cast spell 'Monstrous Menagerie'
 18194 | Orc:2    | XOM: confuse monster(s)
 18216 | Orc:2    | Reached skill level 14 in Fighting
 18665 | Orc:2    | Found Tesox's Antique Weapon Shop.
 18665 | Orc:2    | Found Qexzofish's Jewellery Shoppe.
 18665 | Orc:2    | Found Obbeaqon's Distillery.
 18665 | Orc:2    | Found Jorergh's Book Shop.
 18694 | Orc:2    | XOM: scenery: create altars
 18817 | Orc:2    | XOM: divination: detect creatures
 19038 | Elf:1    | Entered Level 1 of the Elven Halls
 19050 | Elf:1    | XOM: silly message
 19094 | Elf:1    | XOM: smoke on damage
 19100 | Elf:1    | XOM: potion effect (brilliance)
 19162 | Elf:1    | XOM: potion effect (berserk rage)
 19171 | Elf:1    | Paralysed by an air elemental for 1 turns
 19201 | Elf:1    | XOM: chaos upgrade
 19204 | Elf:1    | XOM: smoke on damage
 19461 | Orc:2    | XOM: stat loss: -1 Dex (16/17)
 19646 | Elf:1    | XOM: swap monsters
 19667 | Elf:1    | XOM: noise
 19755 | Elf:1    | Noticed Kirke
 19756 | Elf:1    | XOM: confusion (+ monsters)
 19760 | Elf:1    | XOM: summons 1 hostile demon
 19766 | Elf:1    | Killed Kirke
 19767 | Elf:1    | Reached XP level 16. HP: 134/134 MP: 16/16
 20010 | Elf:1    | XOM: cleaving
 20012 | Elf:1    | Reached skill level 1 in Shields
 20015 | Elf:1    | XOM: scenery: 2 doors close
 20028 | Elf:1    | Reached skill level 15 in Fighting
 20039 | Elf:1    | XOM: silly message
 20118 | Elf:1    | XOM: 4-stop teleportation journey
 20157 | Elf:1    | XOM: summons 7 hostile demons
 20294 | Elf:1    | XOM: stat loss: -1 Str (27/28)
 20303 | Elf:1    | XOM: swap monsters
 20489 | Elf:1    | XOM: give mutations
 20489 | Elf:1    | Lost mutation: Your muscles are strong. (Str +4, Int/Dex
                  | -1) [Xom's mischief]
 20489 | Elf:1    | Lost mutation: You are agile. (Dex +4, Str/Int -1) [Xom's
                  | mischief]
 20629 | Elf:2    | Reached skill level 15 in Maces & Flails
 20638 | Elf:2    | XOM: god gift: crystal rapier {god gift}
 20638 | Elf:2    | Identified the +7 rapier of Latsyum {chaos, rF+ Will+
                  | Dex+4} (Xom gifted it to you on level 2 of the Elven Halls)
 20730 | Elf:2    | XOM: divination: detect items
 20763 | Elf:2    | XOM: polymorph deep elf archer -> sea snake
 20771 | Elf:2    | Reached skill level 10 in Armour
 20776 | Elf:2    | XOM: summons friendly white imp
 20893 | Elf:2    | XOM: destruction
 21094 | Elf:2    | XOM: confuse monster(s)
 21151 | Elf:2    | XOM: scenery: summon butterflies
 21159 | Elf:2    | XOM: divination: magic mapping
 21163 | Elf:2    | XOM: cast spell 'Discord'
 21210 | Elf:2    | XOM: divination: detect creatures
 21220 | Elf:2    | XOM: scenery: create altars
 21221 | Elf:2    | XOM: fake destruction
 21304 | Elf:2    | Found a runed translucent gate.
 21304 | Elf:2    | Found a runed translucent gate.
 21306 | Elf:2    | Found a runed translucent gate.
 21346 | Elf:2    | XOM: silly message
 21350 | Elf:2    | XOM: silly message
 21358 | Elf:2    | XOM: potion effect (attraction)
 21361 | Elf:2    | XOM: confuse monster(s)
 21364 | Elf:2    | XOM: divination: detect creatures
 21368 | Elf:2    | XOM: cast spell 'Olgreb's Toxic Radiance'
 21598 | Elf:2    | XOM: noise
 21603 | Elf:2    | XOM: scenery: 2 doors close
 21604 | Elf:2    | XOM: noise
 21611 | Elf:2    | XOM: noise
 21926 | Elf:3    | Entered Level 3 of the Elven Halls
 22063 | Elf:3    | Found a portal to a secret trove of treasure.
 22271 | Elf:3    | Found a shimmering blue altar of Sif Muna.
 22367 | Elf:3    | XOM: give mutations
 22367 | Elf:3    | Gained mutation: Your spells are a little harder to cast,
                  | but a little more powerful. [Xom's grace]
 22367 | Elf:3    | Gained mutation: You expend magic power (3 MP) to
                  | strengthen your wands. [Xom's grace]
 22367 | Elf:3    | Gained mutation: Your spells are harder to cast, but more
                  | powerful. [Xom's grace]
 22367 | Elf:3    | Gained mutation: Your mind is acute. (Int +4, Str/Dex -1)
                  | [Xom's grace]
 22402 | Elf:3    | Found Koipurig's Weapon Emporium.
 22485 | Elf:3    | XOM: fog
 22490 | Elf:3    | XOM: summons 4 friendly demons
 22506 | Elf:3    | Found Bioli's Antique Armour Boutique.
 22509 | Elf:3    | Bought a faintly humming chain mail for 351 gold pieces
 22509 | Elf:3    | Identified the +6 chain mail of Cigrinas {rElec rC- Regen+
                  | Int+3} (You bought it in a shop on level 3 of the Elven
                  | Halls)
 22591 | Elf:3    | Noticed an Executioner
 22592 | Elf:3    | Noticed a deep elf blademaster
 22594 | Elf:3    | Noticed a deep elf master archer
 22596 | Elf:3    | Reached skill level 16 in Fighting
 22600 | Abyss:2  | Cast into level 2 of the Abyss (a deep elf sorcerer)
 22639 | Abyss:3  | Reached XP level 17. HP: 20/144 MP: 3/17
 22682 | Abyss:3  | XOM: cast spell 'Olgreb's Toxic Radiance'
 22686 | Abyss:3  | Found a corrupted altar of Lugonu.
 22686 | Abyss:3  | Noticed a hellephant
 22690 | Abyss:3  | XOM: polymorph scorpion -> jelly
 22812 | Abyss:3  | XOM: divine lightning
 22816 | Abyss:3  | Killed a hellephant
 22817 | Abyss:3  | Reached skill level 5 in Shields
 22842 | Abyss:3  | XOM: confusion
 22855 | Abyss:3  | XOM: summons 2 hostile demons
 22882 | Abyss:3  | XOM: noise
 22907 | Abyss:3  | Noticed a tentacled monstrosity
 22908 | Abyss:3  | HP: 5/144 [starcursed mass/accursed screaming (5)]
 22908 | Abyss:3  | HP: 2/144 [black draconian/bolt of lightning (3)]
 22914 | Abyss:3  | XOM: enchant monster (bad)
 23003 | Abyss:3  | XOM: summons friendly crimson imp
 23015 | Elf:3    | Escaped the Abyss
 23016 | Elf:3    | Noticed an Executioner
 23016 | Elf:3    | Noticed a Tzitzimitl
 23019 | Elf:3    | XOM: noise
 23357 | Elf:3    | XOM: divination: detect creatures
 23366 | Elf:3    | XOM: summons 3 hostile demons
 23394 | Elf:3    | XOM: chaos cloud
 23400 | Elf:3    | Paralysed by you for 2 turns
 23409 | Elf:3    | Killed a deep elf master archer
 23414 | Elf:3    | Identified the amulet "Taepsimu" {Faith *Slow rElec Regen+
                  | Stlth+}
 23414 | Elf:3    | Noticed a deep elf blademaster
 23414 | Elf:3    | XOM: blink monster(s)
 23420 | Elf:3    | Killed a deep elf blademaster
 23423 | Elf:3    | Killed a deep elf blademaster
 23423 | Elf:3    | Identified the +4 morningstar of Zumith {drain, +Blink rN+}
 23423 | Elf:3    | XOM: 2-stop teleportation journey
 23424 | Elf:3    | Identified the +2 dire flail "Korghuv" {venom, rElec rN+}
 23576 | Elf:2    | XOM: stat loss: -1 Str (23/24)
 23803 | Elf:2    | XOM: stat loss: -1 Int (16/17)
 23830 | Elf:2    | XOM: enchant monster (bad)
 23834 | Elf:2    | XOM: potion effect (invisibility)
 24152 | Elf:3    | Found a transporter.
 24152 | Elf:3    | Found Raruh's Assorted Antiques.
 24181 | Elf:3    | Found a transporter.
 24190 | Elf:3    | Bought a wavering pewter ring for 155 gold pieces
 24190 | Elf:3    | Identified the ring "Imeinij" {Drain rPois rN+ Int+5
                  | Stlth+} (You bought it in a shop on level 3 of the Elven
                  | Halls)
 24295 | Elf:3    | XOM: destruction
 24297 | Abyss:3  | Cast into level 3 of the Abyss (a deep elf sorcerer)
 24307 | Abyss:3  | Found a corrupted altar of Lugonu.
 24421 | Abyss:3  | XOM: summons friendly shadow imp
 24432 | Abyss:3  | XOM: silly message
 24438 | Abyss:3  | XOM: chaos cloud
 24446 | Abyss:3  | XOM: swap monsters
 24453 | Abyss:3  | XOM: confusion
 24454 | Abyss:3  | XOM: confusion
 24571 | Abyss:3  | Noticed a lich
 24575 | Abyss:3  | XOM: potion effect (might)
 24575 | Abyss:3  | Noticed a tentacled starspawn
 24601 | Abyss:3  | XOM: divination: detect items
 24605 | Abyss:3  | Noticed a tentacled starspawn
 24607 | Abyss:3  | XOM: potion effect (haste)
 24617 | Abyss:3  | Killed a tentacled starspawn
 24620 | Abyss:3  | XOM: confuse monster(s)
 24622 | Abyss:3  | XOM: potion effect (brilliance)
 24623 | Abyss:3  | XOM: confuse monster(s)
 24653 | Abyss:3  | XOM: silly message
 24654 | Abyss:3  | Noticed a tentacled starspawn
 24656 | Abyss:3  | XOM: silly message
 24681 | Abyss:3  | XOM: silly message
 24683 | Abyss:3  | HP: 2/146 [smoke demon/divine providence (10)]
 24684 | Abyss:3  | Killed a tentacled starspawn
 24685 | Abyss:3  | XOM: enchant monster (good)
 24685 | Abyss:3  | Killed from afar by a smoke demon

Illustrated notes

Levels and vault maps discovered:
D:1:      dpeg_arrival_brainrot, layout_basic,
          hellmonk_ecumenical_altar_run_dry, hangedman_decor_growths
D:2:      kennysheep_big_flooded_room, layout_basic, basic_altar
D:3:      layout_basic, uniq_robin
D:4:      dreamdust_elfheim, layout_loops_ring, zin_academy, marbit_many_paths,
          cheibriados_altar_1, lightli_temple_of_fire, serial_shops, shop,
          serial_co_window_serial, co_window_corner_a, co_window_paths_a,
          co_window_corner_a, co_window_paths_a, co_window_paths_a,
          co_window_2corner, co_window_2corner, co_window_broadway_c,
          grunt_ministairs_5, uniq_grinder
D:5:      layout_basic, mainiacjoe_overflow_tiny_flanked,
          lemuel_zombie_altar_yredelemnul, serial_co_window_serial,
          co_window_corner_a, co_window_paths_b, co_window_paths_b,
          co_window_of_opportunity_a, co_window_corner_a, co_window_paths_a,
          co_window_paths_b, co_window_cross_3, co_window_of_opportunity_b,
          co_window_of_opportunity_b, co_window_sun, glass_columns_a,
          glass_columns_a, glass_columns_b, glass_columns_a,
          serial_park_tiny_pond, lightli_corner_chamber
D:6:      layout_layer_cave, mainiacjoe_overflow_alcove_1, uniq_edmund
D:7:      layout_cave_pods, vehumet_altar_wand_db, lemuel_temple_firewalk_a,
          serial_shops, shop
D:8:      layout_loops_ring, mainiacjoe_overflow_boulevard, uniq_prince_ribbit1
D:9:      layout_gridville, serial_rivers, chequers_serial_rivers_large_b,
          chequers_serial_rivers_micro_d, chequers_serial_rivers_room_b,
          chequers_serial_rivers_micro_d, kennysheep_potato
D:10:     layout_small_grid, pdpol_wu_jian_five_deadly_venoms,
          mainiacjoe_overflow_small_starburst, overflow_temple_1_default,
          lemuel_round_altar, hiddenorc1_lemuel, minmay_lindwurm_lava,
          uniq_harold, uniq_erolcha, uniq_sonja
D:11:     layout_long_grid, david_lair_generic, nicolae_looking_at_the_future,
          uniq_fannar
D:12:     layout_basic, chequers_serial_rivers_micro_b
D:13:     layout_stronghold
D:14:     layout_stronghold, david_vaults_2, good_gods_temple_1, uniq_josephine
D:15:     gammafunk_depths_entry_grave, layout_basic, gauntlet_entry_generic,
          serial_shops, bzr_entry_road, minmay_misc_feat_pillars,
          minmay_misc_feat_roman, hangedman_decor_riveting,
          nzn_hepliaklqana_mist_gate
Temple:   hellmonk_temple_beads
Orc:1:    layout_caves, serial_shops, shop, gammafunk_ghost_stat_death
Orc:2:    st_orc_ogre_mass, layout_caves
Elf:1:    layout_geoelf_grid, minmay_elf_necromancy, guppyfry_library_mini,
          uniq_kirke
Elf:2:    elven_hall_of_blades_hangedman_original
          [nicolae_vaults_blade_armed_guards], layout_geoelf_octagon
Elf:3:    minmay_elf_hall_not_hex, layout_loops_ring, trove_entry_hex_spiral,
          basic_altar, serial_shops, nicolae_shop_drivethru,
          nicolae_shop_just_a_little_nook, shop,
          nicolae_shop_tiny_real_fake_doors, nicolae_shop_crystal, minivault_19
Depths:1: layout_gridlike, enter_ziggurat_f, grunt_hell_entry_dis_old,
          minmay_misc_feat_more_columns, lightli_enter_wizlab_magi_temple,
          serial_shops, shop, shop, shop, shop, nicolae_lakefront_shop,
          minmay_misc_feat_iff, minmay_misc_feat_x, minmay_crystal_water,
          hangedman_ru_absence, infiniplex_staircase_pool_lava
Abyss:3:  base: Spider:4, hangedman_abyss_monster_moat, base: Spider:4,
          spicy_abyss_unhelpful_harpoons,
          dshaligram_kb_abyss_rune_zappy_water_cross, base: D:7, base: Spider:3,
          bh_abyss_exit_grid, hangedman_abyss_sting,
          guppyfry_abyss_exit_glass_guarded

Skill      XL: |  1  2  3  4  5  6  7  8  9 10 11 12 13 14 15 16 17 |
---------------+----------------------------------------------------+-----
Polearms       | 5 |  5.7
Armour         | 1 2 3 5 6 7 8 9 10 11 | 11.3
Dodging        | 3 4 5 6 7 8 10 11 12 | 12.7
Stealth        | 1 2 3 4 5 |  5.0
Fighting       | 4 5 6 7 9 10 11 13 14 16 | 16.6
Maces & Flails | 2 3 5 7 8 9 11 12 14 15 | 15.7
Evocations     | 1 3 4 6 7 |  7.0
Throwing       | 1 2 3 4 |  4.5
Shields        | 4 6 |  6.0

Action                     |  1- 3 |  4- 6 |  7- 9 | 10-12 | 13-15 | 16-18 || total
---------------------------+-------+-------+-------+-------+-------+-------++-------
  Melee: Spear             |   105 |       |       |       |       |       ||   105
         Flail             |       |    38 |   128 |   225 |   587 |   544 ||  1522
         Headbutt          |       |       |    10 |    39 |   147 |   133 ||   329
         Punch             |       |       |       |     3 |    13 |       ||    16
         Tailslap          |       |       |       |     1 |    11 |     9 ||    21
  Throw: Boomerang         |       |       |       |     1 |       |     1 ||     2
         Dart              |       |       |       |     3 |    17 |    11 ||    31
         Javelin           |       |       |       |       |       |     3 ||     3
         Throwing net      |       |       |       |       |       |     2 ||     2
  Evoke: Piece from Xom's  |       |       |     1 |    23 |     1 |     5 ||    30
         Wand              |       |       |       |     3 |     1 |    17 ||    21
         Phial of floods   |       |       |       |       |     1 |     1 ||     2
    Use: Scroll            |       |       |       |    11 |     8 |    17 ||    36
         Potion            |       |       |       |       |     1 |     9 ||    10
   Stab: Sleeping          |     2 |     1 |     4 |     3 |     5 |       ||    15
         Paralysed         |     1 |       |     3 |     2 |     1 |     3 ||    10
         Petrifying        |     1 |       |       |     1 |       |       ||     2
         Petrified         |       |       |       |     5 |       |       ||     5
         Confused          |       |       |       |       |     7 |       ||     7
         Distracted        |       |       |       |       |     2 |       ||     2
         Invisible         |       |       |       |       |       |     1 ||     1
 Armour: Leather armour    |    18 |    13 |    22 |       |       |       ||    53
         Scale mail        |       |       |     8 |   116 |       |       ||   124
         Acid dragon scale |       |       |       |       |   126 |    35 ||   161
         Skin              |       |       |       |       |     6 |       ||     6
         Plate armour      |       |       |       |       |    66 |   156 ||   222
  Dodge: Dodged            |    35 |    27 |    71 |   197 |   523 |   312 ||  1165
  Block: Buckler           |       |       |       |       |       |   102 ||   102
